 Dungeon Crawl Stone Soup version 0.19.0-19-g8c6edcc (webtiles) character file.

55620 CERO the Severer (level 14, -8/130 HPs)
             Began as a Minotaur Berserker on Nov 12, 2016.
             Was a High Priest of Trog.
             Mangled by a komodo dragon (23 damage)
             ... on level 6 of the Lair of Beasts on Nov 15, 2016.
             The game lasted 02:38:32 (20349 turns).

CERO the Severer (Minotaur Berserker)              Turns: 20349, Time: 02:38:32

Health: -8/130     AC: 24    Str: 23    XL:     14   Next: 39%
Magic:  6/6        EV:  9    Int:  4    God:    Trog [*****.]
Gold:   1799       SH:  0    Dex: 14    Spells: 0 memorised, 13 levels left

rFire  + + .     SeeInvis .     s - +2 executioner's axe (antimagic)
rCold  . . .     Gourm    .     C - +2 chain mail {rF+}
rNeg   . . .     Faith    +     (shield currently unavailable)
rPois  +         Spirit   .     g - +1 hat
rElec  .         Reflect  .     (no cloak)
rCorr  .         Harm     .     i - +2 pair of gloves
MR     +....                    K - +0 pair of boots
Stlth  ..........               p - amulet of faith
                                F - ring of poison resistance
                                y - +4 ring of protection

@: no status effects
A: retaliatory headbutt, horns 2, fire resistance 1, regeneration 1, screaming 1
a: Berserk, Trog's Hand, Brothers in Arms, Burn Spellbooks, Renounce Religion


You were on level 6 of the Lair of Beasts.
You worshipped Trog.
Trog was extremely pleased with you.
You were very hungry.

You visited 3 branches of the dungeon, and saw 18 of its levels.
You also visited: Labyrinth and Volcano.

You collected 1799 gold pieces.

Inventory:

Hand Weapons
 c - a +3 hunting sling of freezing
 k - a +2 longbow of flaming
 s - a +2 antimagic executioner's axe (weapon)
 G - a +5 battleaxe of chopping
Missiles
 x - 262 arrows
Armour
 f - a +0 shield
 g - a +1 hat (worn)
 h - a +3 scale mail of fire resistance
 i - a +2 pair of gloves (worn)
 C - a +2 chain mail of fire resistance (worn)
 D - the +0 cloak of Mirth {rC+++ Str-2 Int-5}
   (You found it on level 5 of the Lair of Beasts)

   It affects your strength (-2).
   It affects your intelligence (-5).
   It renders you almost immune to cold.
 K - a +0 pair of boots (worn)
Jewellery
 p - an amulet of faith (around neck)
 y - a +4 ring of protection (left hand)
 F - a ring of poison resistance (right hand)
 I - an uncursed ring of see invisible
 Z - the amulet "Diumax" {rPois Regen+}
   (You took it off a minotaur in a labyrinth)

   [amulet of regeneration]

   It protects you from poison.
   It increases your rate of regeneration.
Wands
 J - a wand of lightning (3/15)
 M - a wand of flame (17/48)
 U - a wand of iceblast (5/15)
 X - a wand of disintegration (14/24)
Scrolls
 b - 6 scrolls of remove curse
 j - a scroll of holy word {unknown}
 m - 7 scrolls of identify
 n - a scroll of fog
 o - 5 scrolls of teleportation
 q - a scroll of silence
 H - a scroll of magic mapping
 W - a scroll of blinking
Potions
 d - a potion of ambrosia
 e - 5 potions of heal wounds
 l - 7 potions of curing
 t - a potion of agility {unknown}
 v - a potion of brilliance
 z - 2 potions of flight
 A - a potion of berserk rage
 B - 2 potions of haste {unknown}
 L - a potion of might
Comestibles
 a - 9 fruits
 r - a bread ration
 u - 6 meat rations
 w - a slice of pizza


   Skills:
 - Level 13.6 Fighting
 * Level 20.4 Axes
 - Level 11.5 Armour
 - Level 2.1 Dodging
 - Level 0.3 Stealth
 * Level 8.7 Evocations


You had 13 spell levels left.
You didn't know any spells.

Dungeon Overview and Level Annotations

Branches:
Dungeon (11/15)            Temple (1/1) D:6            Lair (6/6) D:9
  Swamp (0/4) Lair:3        Snake (0/4) Lair:3        Slime (0/5) Lair:6
    Orc (0/2) D:9

Altars:
Ashenzari
Cheibriados
Dithmenos
Elyvilon
Fedhas
Gozag
Hepliaklqana
Kikubaaqudgha
Makhleb
Nemelex Xobeh
Okawaru
Qazlal
Ru
Sif Muna
Trog
Uskayaw
Vehumet
Xom
Yredelemnul
Zin
The Shining One
Beogh

Annotations:
Lair:6 2 runed doors


Innate Abilities, Weirdness & Mutations

You reflexively headbutt those who attack you in melee.
You have a pair of horns on your head.
Your flesh is heat resistant. (rF+)
Your natural rate of healing is unusually fast.
You occasionally shout uncontrollably at your foes.


Message History

The molten gargoyle hits you but does no damage.
The wyvern bites you! The komodo dragon bites you.
The basilisk bites you but does no damage.
The wyvern bites you.
The molten gargoyle hits you with a flail!
You are engulfed in flames.
You resist. The komodo dragon bites you!!
* * * LOW HITPOINT WARNING * * *
You turn to flesh and can move again.
Your ogre goes berserk!
You feel quite a bit more hungry.
The wyvern bites you but does no damage.
The basilisk gazes at you.
You easily resist.
The wyvern bites you!
* * * LOW HITPOINT WARNING * * *
The molten gargoyle hits you with a flail!
* * * LOW HITPOINT WARNING * * *
You are engulfed in flames.
You resist.
* * * LOW HITPOINT WARNING * * *
The komodo dragon bites you!!
You die...

........# ##......#≈#)$ #.§..§
......#####.......#≈#..
..#§..§.
......####........≈≈#.
..#§#...
......#.......##§≈≈≈#..
..#≈§#..
#.....#.........#≈≈≈## .
#≈≈##.
......###.........≈§§##++##≈≈≈
## #.....#
####.....O#≈§§≈§.≈≈≈≈ #.#...##
###.9ll.≈≈≈≈§.≈ ####...#
##l@#.†≈##..
#...###########§l.#
#.......#.# #≈≈....
#.........## §§##.....
#....###...# ≈§# ..... #...##
##.## §≈## .... #P.#####.## #≈
... ##..#....# #≈ #..
#P..#....##


You could see a komodo dragon, a basilisk, a molten gargoyle, a wyvern and a
friendly ogre (berserk).

Vanquished Creatures
  4 hydras
  8 death yaks
  Urug (D:10)
  Nergalle (Lair:3)
  A fire crab (Lair:6)
  2 skeletal warriors (Volcano)
  2 unseen horrors
  5 anaconda skeletons (Volcano)
  4 hill giants
  Pikel (D:9)
  2 cyclopes (D:11)
  Maurice (D:11)
  5 elephants (Lair:6)
  A guardian serpent (D:11)
  2 molten gargoyles (Lair:6)
  9 black mambas
  7 spiny frogs
  A torpor snail (Lair:3)
  3 rime drakes
  9 komodo dragons
  6 gargoyles
  6 trolls
  A harpy skeleton (Volcano)
  10 hippogriffs
  17 blink frogs
  2 dream sheep (D:11)
  3 flying skulls (Volcano)
  An alligator skeleton (Volcano)
  Sigmund (D:3)
  37 yaks
  2 wyverns (Lair:6)
  A vampire (D:9)
  6 basilisks
  A steam dragon (D:11)
  A hog (Lair:5)
  A hungry ghost (D:11)
  A mottled dragon (Lair:6)
  3 nagas (Lair:3)
  11 water moccasins
  Duvessa (D:5)
  8 porcupines
  4 hell hounds (Lair:6)
  5 orc warriors (D:11)
  3 sky beasts
  4 ice beasts
  A slave (D:9)
  A black bear (D:11)
  A hornet zombie (D:11)
  8 ogres
  6 wolves (Lair:4)
  3 phantoms
  5 centaurs
  5 big kobolds
  9 crocodiles
  12 bullfrogs
  2 scorpions
  Dowan (D:5)
  3 wights (D:8)
  A troll skeleton (Volcano)
  The ghost of MaximumFunGaming the Ruffian, a weakling DrTm (D:3)
  3 spriggan skeletons (Volcano)
  4 howler monkeys
  4 crimson imps
  3 lava snakes (Lair:6)
  3 jellies (Lair:6)
  A quasit (D:10)
  8 hounds
  6 orc wizards
  5 orc priests
  Jessica (D:7)
  Crazy Yiuf (D:5)
  Natasha (thrice) (D:3)
  Terence (D:2)
  3 bullfrog skeletons
  An iguana (D:10)
  6 worker ants
  Ijyb (D:3)
  A killer bee zombie (D:9)
  A hound skeleton (D:4)
  A mummy (D:9)
  Robin (D:2)
  A gnoll (D:6)
  5 adders
  A shadow imp (D:10)
  4 oozes
  An adder zombie (D:6)
  A worm (D:2)
  A dart slug (D:1)
  9 leopard geckos
  26 orcs
  4 giant cockroaches
  5 hobgoblins
  8 jackals
  3 quokkas
  2 ball pythons
  12 bats
  10 frilled lizards
  14 goblins
  21 kobolds
  A quokka skeleton (D:4)
  9 rats
  11 fungi
  4 plants
475 creatures vanquished.

Vanquished Creatures (collateral kills)
  Kirke (Lair:5)
  A minotaur (Lab)
  A catoblepas (Lair:5)
  A lindwurm (Lair:5)
  A blink frog (Lair:5)
  A hog (Lair:5)
6 creatures vanquished.

Vanquished Creatures (others)
  A water moccasin (Lair:6)
  A slave (D:9)
  A bullfrog (D:9)
  4 fungi
  12 plants
19 creatures vanquished.

Grand Total: 500 creatures vanquished

Notes
Turn   | Place    | Note
-------+----------+-------------------------------------------
     0 | D:1      | CERO the Minotaur Berserker began the quest for the Orb.
     0 | D:1      | Reached XP level 1. HP: 19/19 MP: 0/0
   477 | D:1      | Reached skill level 4 in Axes
   491 | D:1      | Reached XP level 2. HP: 21/26 MP: 1/1
   832 | D:1      | Reached skill level 5 in Axes
   995 | D:1      | Reached XP level 3. HP: 29/31 MP: 2/2
  1159 | D:1      | Reached ** piety under Trog
  1203 | D:2      | Noticed Terence
  1217 | D:2      | Killed Terence
  1589 | D:2      | Reached skill level 6 in Axes
  1589 | D:2      | Reached XP level 4. HP: 39/39 MP: 3/3
  1638 | D:2      | Found a burning altar of Makhleb.
  1644 | D:2      | Noticed Robin
  1688 | D:2      | Killed Robin
  1890 | D:2      | Found a shattered altar of Ashenzari.
  2305 | D:3      | Noticed Sigmund
  2312 | D:3      | Killed Sigmund
  2312 | D:3      | Reached skill level 8 in Axes
  2312 | D:3      | Reached XP level 5. HP: 45/45 MP: 4/4
  2312 | D:3      | Reached XP level 6. HP: 51/51 MP: 5/5
  2390 | D:3      | Noticed Ijyb
  2401 | D:3      | Killed Ijyb
  2444 | D:3      | Noticed Natasha
  2456 | D:3      | Killed Natasha
  2555 | D:3      | Noticed Natasha
  2568 | D:3      | Killed Natasha
  2568 | D:3      | Reached *** piety under Trog
  2753 | D:3      | Found a shadowy altar of Dithmenos.
  2753 | D:3      | Found an ancient bone altar of Kikubaaqudgha.
  2754 | D:3      | Found a shimmering altar of Xom.
  2757 | D:3      | Found a white marble altar of Elyvilon.
  2757 | D:3      | Found a basalt altar of Yredelemnul.
  2757 | D:3      | Found a bloodstained altar of Trog.
  2781 | D:3      | Found a sparkling altar of Nemelex Xobeh.
  2839 | D:3      | Noticed MaximumFunGaming's ghost (weakling DrTm)
  2849 | D:3      | Noticed Natasha
  2866 | D:3      | Killed MaximumFunGaming's ghost
  2866 | D:3      | Reached skill level 9 in Axes
  2877 | D:3      | Killed Natasha
  3446 | D:4      | Reached XP level 7. HP: 57/57 MP: 6/6
  4038 | D:5      | Entered Level 5 of the Dungeon
  4120 | D:5      | Reached skill level 10 in Axes
  4288 | D:5      | Noticed Duvessa
  4290 | D:5      | Noticed Dowan
  4304 | D:5      | Killed Dowan
  4317 | D:5      | Killed Duvessa
  4552 | D:5      | Found a white marble altar of Elyvilon.
  4554 | D:5      | Found a blossoming altar of Fedhas.
  4581 | D:5      | Reached skill level 11 in Axes
  4617 | D:5      | Reached XP level 8. HP: 42/64 MP: 7/7
  5096 | D:5      | Reached skill level 12 in Axes
  5368 | D:5      | Found a runed door.
  5372 | D:5      | Noticed Crazy Yiuf
  5377 | D:5      | Killed Crazy Yiuf
  5823 | D:6      | Found a staircase to the Ecumenical Temple.
  5832 | Temple   | Entered the Ecumenical Temple
  6489 | D:6      | Reached skill level 5 in Fighting
  7432 | D:7      | Noticed Jessica
  7439 | D:7      | Killed Jessica
  7503 | D:7      | Found a deep blue altar of Sif Muna.
  7590 | D:7      | Reached **** piety under Trog
  7945 | D:7      | Reached skill level 13 in Axes
  7945 | D:7      | Reached XP level 9. HP: 78/78 MP: 8/8
  8712 | D:9      | Found a snail-covered altar of Cheibriados.
  8857 | D:9      | Noticed Pikel
  8861 | D:9      | Found a staircase to the Lair.
  8890 | D:9      | Killed Pikel
  8945 | D:9      | Reached skill level 14 in Axes
  9137 | D:9      | Reached XP level 10. HP: 89/92 MP: 9/9
  9299 | D:9      | Found a staircase to the Orcish Mines.
  9534 | D:10     | Entered Level 10 of the Dungeon
  9575 | D:10     | Reached skill level 10 in Fighting
  9665 | D:10     | Noticed a hill giant
  9681 | D:10     | Killed a hill giant
  9817 | D:10     | Noticed Urug
  9817 | D:10     | Noticed a hill giant
  9824 | D:10     | Noticed a hill giant
  9837 | D:10     | Killed Urug
  9837 | D:10     | Reached skill level 15 in Axes
  9841 | D:10     | Killed a hill giant
  9841 | D:10     | Reached skill level 5 in Armour
  9850 | D:10     | Killed a hill giant
 10165 | D:10     | Reached ***** piety under Trog
 10342 | D:10     | Noticed a gargoyle
 10363 | D:10     | Killed a gargoyle
 10363 | D:10     | Reached XP level 11. HP: 102/102 MP: 10/10
 10759 | D:10     | Reached skill level 16 in Axes
 11165 | D:11     | Noticed a hill giant
 11193 | D:11     | Killed a hill giant
 11194 | D:11     | HP: 4/102 [something (9)]
 11206 | D:11     | Noticed an unseen horror
 11208 | D:11     | Killed an unseen horror
 11311 | D:11     | Noticed Maurice
 11322 | D:11     | Killed Maurice
 11688 | D:11     | Received a gift from Trog
 11963 | D:11     | Found a roughly hewn altar of Beogh.
 12274 | D:11     | Got a scorched helmet
 12371 | D:11     | Reached skill level 17 in Axes
 12382 | D:11     | Noticed a three-headed hydra
 12393 | D:11     | Killed an eight-headed hydra
 12773 | D:11     | Reached XP level 12. HP: 86/112 MP: 3/11
 12921 | D:11     | Upgraded the game from 0.19.0-18-g426998a to 0.19.0-19-g8c6edcc
 12935 | D:11     | Noticed a six-headed hydra
 12943 | D:11     | Killed an 11-headed hydra
 13036 | Lair:1   | Entered Level 1 of the Lair of Beasts
 13429 | Lair:1   | Found a labyrinth entrance.
 13441 | Lair:1   | Reached skill level 10 in Armour
 13446 | Lab      | Entered a labyrinth
 13922 | Lab      | Noticed a minotaur
 13929 | Lab      | Killed a minotaur
 13930 | Lab      | Identified the Reference Book on Spatial Arcane Weapons
 13936 | Lab      | Got a fine lead amulet
 13940 | Lab      | Identified the Tome of Orientation
 14058 | Lair:1   | Identified the amulet "Diumax" {rPois Regen+} (You took it off a minotaur in a labyrinth)
 15236 | Lair:2   | Identified a scroll of acquirement
 15248 | Lair:2   | Gained mutation: Your flesh is heat resistant. (rF+) [potion of mutation]
 15248 | Lair:2   | Gained mutation: Your natural rate of healing is unusually fast. [potion of mutation]
 15248 | Lair:2   | Gained mutation: You occasionally shout uncontrollably at your foes. [potion of mutation]
 15476 | Lair:3   | Received a gift from Trog
 15492 | Lair:3   | Noticed a death yak
 15504 | Lair:3   | Noticed a death yak
 15504 | Lair:3   | Killed a death yak
 15505 | Lair:3   | Noticed a death yak
 15505 | Lair:3   | Noticed a death yak
 15524 | Lair:3   | Killed a death yak
 15529 | Lair:3   | Killed a death yak
 15529 | Lair:3   | Reached skill level 18 in Axes
 15533 | Lair:3   | Killed a death yak
 15901 | Lair:3   | Found a staircase to the Snake Pit.
 15948 | Lair:3   | Noticed Nergalle
 15965 | Lair:3   | Killed Nergalle
 16126 | Lair:3   | Found a staircase to the Swamp.
 16636 | Lair:4   | Reached XP level 13. HP: 109/123 MP: 4/12
 16653 | Lair:4   | Reached skill level 1 in Evocations
 17661 | Lair:5   | Noticed Kirke
 17679 | Lair:5   | Reached skill level 19 in Axes
 17686 | Lair:5   | Killed Kirke
 17821 | Lair:5   | Found a dark tunnel.
 17846 | Volcano  | Entered a volcano
 17858 | Volcano  | Reached skill level 5 in Evocations
 18075 | Volcano  | Received a gift from Trog
 18726 | Lair:5   | Got a faintly humming cloak
 18738 | Lair:5   | Identified the +0 cloak of Mirth {rC+++ Str-2 Int-5} (You found it on level 5 of the Lair of Beasts)
 18738 | Lair:5   | Lost intelligence.
 18867 | Lair:6   | Entered Level 6 of the Lair of Beasts
 19030 | Lair:6   | Found a staircase to the Slime Pits.
 19206 | Lair:6   | Reached XP level 14. HP: 130/130 MP: 6/18
 19397 | Lair:6   | Reached skill level 20 in Axes
 19489 | Lair:6   | Received a gift from Trog
 20324 | Lair:6   | Found a large runed door.
 20328 | Lair:6   | Found a large runed door.
 20349 | Lair:6   | Mangled by a komodo dragon

Skill      XL: |  1  2  3  4  5  6  7  8  9 10 11 12 13 14 |
---------------+-------------------------------------------+-----
Axes           | 4 5 6 8 9 11 13 14 15 17 18 19 20 | 20.4
Fighting       | 6 9 11 12 13 | 13.6
Armour         | 6 9 11 | 11.5
Evocations     | 7 8 |  8.7
Dodging        | |  2.1
Stealth        | |  0.3

Action                   |  1- 3 |  4- 6 |  7- 9 | 10-12 | 13-15 || total
-------------------------+-------+-------+-------+-------+-------++-------
Melee: Hand axe          |    66 |   170 |   385 |   305 |       ||   926
       Headbutt          |     9 |    29 |    81 |   161 |    96 ||   376
       Battleaxe         |       |       |       |   287 |   171 ||   458
       War axe           |       |       |       |    39 |       ||    39
       Executioner's axe |       |       |       |       |   228 ||   228
 Fire: Longbow           |       |       |       |       |     3 ||     3
Invok: Berserk           |       |     1 |     2 |     7 |     7 ||    17
       Trog's Hand       |       |       |       |     1 |     1 ||     2
       Burn Spellbooks   |       |       |       |     2 |       ||     2
       Brothers in Arms  |       |       |       |     1 |     2 ||     3
Evoke: Wand              |       |       |       |       |     6 ||     6
  Use: Scroll            |       |       |     8 |     7 |       ||    15
       Potion            |       |       |       |    10 |       ||    10
  Eat: Chunk             |     2 |     7 |    15 |    23 |    15 ||    62
       Bread ration      |       |       |     1 |     1 |       ||     2
       Beef jerky        |       |       |       |     1 |       ||     1
       Fruit             |       |       |       |     5 |     5 ||    10
Armor: Animal skin       |    11 |       |       |       |       ||    11
       Scale mail        |     2 |    60 |   105 |   313 |    84 ||   564
       Chain mail        |       |       |       |       |   196 ||   196
Dodge: Dodged            |    42 |    75 |   120 |   279 |   195 ||   711
